 Dungeon Crawl Stone Soup version 0.31-a0-1-g4198be8af4 (webtiles) character file.

Game seed: 6211901024349216144

12 retardedninja the Firebug (level 2, 1/20 HPs)
             Began as a Gnoll Fire Elementalist on May 2, 2023.
             Quit the game on level 1 of the Dungeon.
             The game lasted 00:00:53 (302 turns).

retardedninja the Firebug (Gnoll Fire Elementalist)  Turns: 302, Time: 00:00:54

Health: 1/20       AC:  2    Str:  7    XL:     2   Next: 33%
Magic:  1/7        EV: 13    Int: 14    God:
Gold:   21         SH:  0    Dex: 12    Spells: 9/10 levels left

rFire   . . .        d - +0 whip
rCold   . . .        (no shield)
rNeg    . . .        a - +0 robe
rPois   .            (no helmet)
rElec   .            (no cloak)
rCorr   .            (no gloves)
SInv    .            (no boots)
Will    .....        (no amulet)
Stlth   ++           (no ring)
HPRegen 0.23/turn    (no ring)
MPRegen 0.10/turn

%: no passive effects
@: lethally poisoned (1 -> -19)
A: fangs 1, strong nose, distributed training
a: no special abilities


You were on level 1 of the Dungeon.
You visited 1 branch of the dungeon, and saw 1 of its levels.

You collected 21 gold pieces.

Inventory:

Hand Weapons
 d - a +0 whip (weapon)
Armour
 a - a +0 robe (worn)
Scrolls
 c - a scroll of identify {unknown}
Potions
 b - a potion of magic


   Skills:
 + Level 0.4 Fighting
 + Level 0.4 Short Blades
 + Level 0.4 Long Blades
 + Level 0.4 Axes
 + Level 0.4 Maces & Flails
 + Level 0.4 Polearms
 + Level 0.4 Staves
 + Level 0.4 Ranged Weapons
 + Level 0.4 Throwing
 + Level 0.4 Armour
 + Level 4.5 Dodging
 + Level 4.1 Stealth
 + Level 0.4 Shields
 + Level 0.4 Unarmed Combat
 + Level 4.9 Spellcasting
 + Level 2.0 Conjurations
 + Level 0.2 Hexes
 + Level 0.2 Summonings
 + Level 0.2 Necromancy
 + Level 0.2 Translocations
 + Level 0.2 Transmutations
 + Level 5.3 Fire Magic
 + Level 0.2 Ice Magic
 + Level 0.2 Air Magic
 + Level 0.2 Earth Magic
 + Level 0.2 Poison Magic
 + Level 0.5 Invocations
 + Level 0.4 Evocations


You had 9 spell levels left.
You knew the following spells:

 Your Spells              Type           Power      Damage    Failure   Level
a - Foxfire               Conj/Fire      52%        2x1d6     3%          1

Your spell library contained the following spells:

 Spells                   Type           Power      Damage    Failure   Level
 Scorch                   Fire           36%        2d7       3%          2
 Inner Flame              Hex/Fire       11%        N/A       17%         3
 Volatile Blastmotes      Fire/Tloc      22%        2d11      17%         3
 Flame Wave               Conj/Fire      13%        2d6       36%         4


Dungeon Overview and Level Annotations

Branches:
Dungeon (1/15)

Altars:

Shops:
D:1 [


Innate Abilities, Weirdness & Mutations

You have very sharp teeth.
Your uncanny sense of smell can sniff out nearby items.
Your experience applies equally to all skills.


Message History

Things that are here:
a +0 whip; a kobold corpse
d - a +0 whip The goblin shouts!
d - a +0 whip (weapon)
You closely miss the goblin.
The goblin hits you with a +0 dagger of venom.
You miss the goblin. You bite the goblin.
The goblin is moderately wounded.
The goblin misses you.
You barely miss the goblin.
The goblin is moderately wounded.
The goblin hits you with a +0 dagger of venom.
You are poisoned.
You hit the goblin. Your bite misses the goblin.
The goblin is almost dead.
You feel sick. The goblin barely misses you.
You barely miss the goblin.
The goblin is almost dead.
You feel sick. The goblin hits you but does no damage.
The goblin hits you with a +0 dagger of venom.
You are lethally poisoned!
Okay, then.
You closely miss the goblin.
The goblin is almost dead.
* * * LOW HITPOINT WARNING * * *
You feel very sick. The goblin closely misses you.
You barely miss the goblin.
The goblin is almost dead.
* * * LOW HITPOINT WARNING * * *
You feel very sick. The goblin hits you but does no damage.
You are more poisoned.
Unknown command.
Unknown command.
Unknown command.
Unknown command.
You are too injured to fight recklessly!
Are you sure you want to abandon this character and quit the game? (Confirm with "yes".)

.....#.# #.#
..#..#.## #.# ∆
PP......## #.#
∆∆
.....P...###.##
∆∆
..P...........#
⌠†.P.....####g##
# P.⌠.P...##
#..# ##...
.....P.##
##.###....#
#..#)..#
#.g@..†.#
#..#...#
#########
####...#
......## ......#
#######


You could see a goblin.

Vanquished Creatures
  4 endoplasms (D:1)
  4 ball pythons (D:1)
  2 frilled lizards (D:1)
  A kobold (D:1)
  A rat (D:1)
12 creatures vanquished.

Vanquished Creatures (collateral kills)
  2 foxfires (D:1)
2 creatures vanquished.

Vanquished Creatures (others)
  41 foxfires (D:1)
41 creatures vanquished.

Grand Total: 55 creatures vanquished

Notes
Turn   | Place    | Note
-------+----------+-------------------------------------------
     0 | D:1      | retardedninja the Gnoll Fire Elementalist began the quest
                  | for the Orb.
     0 | D:1      | Reached XP level 1. HP: 13/13 MP: 6/6
   110 | D:1      | Found Asupuab's Armour Emporium.
   185 | D:1      | Found a faded altar of an unknown god.
   266 | D:1      | Reached XP level 2. HP: 19/19 MP: 5/7
   301 | D:1      | HP: 1/20 [poisoned by a goblin]
   302 | D:1      | Quit the game

Illustrated notes

Levels and vault maps discovered:
D:1:      mrwooster_arrival_statue_2, layout_loops_ring,
          shapermc_ecumenical_altar_mp_ritualfount, serial_shops, shop,
          kennysheep_decorative_pillar, minmay_misc_feat_tower,
          hangedman_decor_push, minivault_24, kennysheep_minor_cross,
          minmay_pentomino_w4

Skill      XL: |  1 |
---------------+----+-----
Conjurations   | 2 |  2.0
Fighting       | |  0.4
Short Blades   | |  0.4
Long Blades    | |  0.4
Axes           | |  0.4
Maces & Flails | |  0.4
Polearms       | |  0.4
Staves         | |  0.4
Ranged Weapons | |  0.4
Throwing       | |  0.4
Armour         | |  0.4
Dodging        | |  4.5
Stealth        | |  4.1
Shields        | |  0.4
Unarmed Combat | |  0.4
Spellcasting   | |  4.9
Hexes          | |  0.2
Summonings     | |  0.2
Necromancy     | |  0.2
Translocations | |  0.2
Transmutations | |  0.2
Fire Magic     | |  5.3
Ice Magic      | |  0.2
Air Magic      | |  0.2
Earth Magic    | |  0.2
Poison Magic   | |  0.2
Invocations    | |  0.5
Evocations     | |  0.4

Action                     || total
---------------------------++-------
  Melee: Whip              ||     7
         Bite              ||     1
   Cast: Foxfire           ||    25
 Armour: Robe              ||     2
  Dodge: Dodged            ||     3

Table legend: (Time is in decaauts)
 A = Elapsed time spent in this place.
 B = Non-inter-level travel time spent in this place.
 C = Inter-level travel time spent in this place.
 D = Time resting spent in this place.
 E = Time spent auto-exploring this place.
 F = Levels seen in this place.
 G = Mean time per level.
                   A        B        C        D        E       F      G
               +--------+--------+--------+--------+--------+-----+--------+
         Total |    302 |    302 |      0 |      0 |    215 |   1 |  302.0 |
       Dungeon |    302 |    302 |      0 |      0 |    215 |   1 |  302.0 |
               +--------+--------+--------+--------+--------+-----+--------+

Top non-repeatable levels by time:
     D:1: 302 daAuts
